2045 views
Uploaded 2023-03-09 00:44:13
Game version 1.35 (6115)
68:55 long 3on3 ladder game on (6)TimbermawHold
Saved by GIGA
2045 views
Uploaded 2023-03-09 00:44:13
Game version 1.35 (6115)
68:55 long 3on3 ladder game on (6)TimbermawHold


274 units @ 44.8k
/ 7.7k
189 buildings @ 26.9k
/ 15.9k


| Healing Salve | 2 | 200 |
| Scroll of Speed | 1 | 50 |
| Orb of Lightning | 1 | 375 |
| Scroll of Healing | 1 | 250 |
| Scroll of Town Portal | 2 | 700 |
| total: | 7 | 1575g |
| Peon | 13 | 975 | / | 0 |
| Grunt | 17 | 3400 | / | 0 |
| Troll Witch Doctor | 3 | 435 | / | 75 |
| Demolisher | 1 | 220 | / | 50 |
| Troll Batrider | 1 | 160 | / | 40 |
| total: | 35 | 5190g | / | 165w |
| Altar of Storms | 1 | 180 | / | 50 |
| Orc Burrow | 6 | 960 | / | 240 |
| Barracks | 1 | 180 | / | 50 |
| Voodoo Lounge | 1 | 130 | / | 30 |
| War Mill | 1 | 205 | / | 0 |
| Great Hall | 1 | 385 | / | 185 |
| Spirit Lodge | 1 | 150 | / | 150 |
| Tauren Totem | 1 | 135 | / | 155 |
| Beastiary | 2 | 290 | / | 280 |
| Stronghold | 1 | 315 | / | 190 |
| Fortress | 1 | 325 | / | 190 |
| total: | 15 | 2615g | / | 1140w |
| 0:03 | Peon |
| 0:17 | Altar of Storms |
| 0:23 | Orc Burrow |
| 0:35 | Barracks |
| 0:39 | Peon |
| 0:39 | Peon |
| 0:39 | Peon |
| 0:51 | Peon |
| 1:04 | Peon |
| 1:35 | Peon |
| 1:44 | Grunt |
| 2:11 | Grunt |
| 2:19 | Orc Burrow |
| 2:22 | Voodoo Lounge |
| 2:33 | Feral Spirit |
| 3:10 | Grunt |
| 3:17 | Orc Burrow |
| 3:28 | Healing Salve |
| 3:29 | Scroll of Speed |
| 3:36 | Grunt |
| 3:41 | Pillage |
| 4:25 | Grunt |
| 4:25 | Grunt |
| 4:45 | Chain Lighting |
| 4:49 | Grunt |
| 4:54 | Stronghold |
| 5:35 | War Mill |
| 5:37 | Grunt |
| 5:37 | Grunt |
| 5:37 | Grunt |
| 5:37 | Grunt |
| 6:41 | Grunt |
| 6:45 | Grunt |
| 6:45 | Grunt |
| 7:10 | Steel Melee Weapons |
| 7:10 | Steel Armor |
| 7:28 | Spirit Lodge |
| 7:43 | Scroll of Healing |
| 7:58 | Scroll of Town Portal |
| 8:03 | Chain Lighting |
| 8:18 | Grunt |
| 8:24 | Wind Walk |
| 9:45 | Fortress |
| 9:47 | Shaman Adept Training |
| 10:00 | Scroll of Town Portal |
| 10:00 | Healing Salve |
| 10:19 | Witch Doctor Adept Training |
| 10:24 | Thorium Melee Weapons |
| 10:24 | Thorium Armor |
| 10:49 | Grunt |
| 10:50 | Tauren Totem |
| 11:18 | Troll Witch Doctor |
| 11:19 | Troll Witch Doctor |
| 11:51 | Troll Witch Doctor |
| 11:54 | Grunt |
| 12:32 | Great Hall |
| 12:39 | Witch Doctor Master Training |
| 13:10 | Spirit Walker Adept Training |
| 13:11 | Burning Oil |
| 13:15 | Demolisher |
| 13:18 | Critical Strike |
| 13:39 | Beastiary |
| 13:40 | Beastiary |
| 13:49 | Peon |
| 13:49 | Peon |
| 14:28 | Orc Burrow |
| 14:32 | Orc Burrow |
| 14:35 | Orc Burrow |
| 15:24 | Orb of Lightning |
| 15:35 | Peon |
| 15:35 | Peon |
| 15:35 | Peon |
| 16:40 | Peon |
| 17:04 | Troll Batrider |
| Right click | 1294 |
| Select | 303 |
| Build/train/purchase | 135 |
| Chat | 96 |
| Minimap ping | 38 |
| Use ability | 30 |
| Remove unit | 7 |
| Item give/drop | 2 |


| Lesser Clarity Potion | 1 | 70 |
| Staff of Preservation | 1 | 150 |
| Scroll of Town Portal | 2 | 700 |
| Potion of Lesser Invulnerability | 1 | 150 |
| Boots of Speed | 1 | 250 |
| Orb of Lightning | 2 | 750 |
| total: | 8 | 2070g |
| Wisp | 23 | 1380 | / | 0 |
| Archer | 18 | 2340 | / | 180 |
| Hippogryph | 23 | 3680 | / | 460 |
| Mountain Giant | 11 | 3850 | / | 1100 |
| Dryad | 1 | 145 | / | 60 |
| total: | 76 | 11395g | / | 1800w |
| Ancient Protector | 8 | 1080 | / | 640 |
| Altar of Elders | 1 | 180 | / | 50 |
| Moon Well | 7 | 1260 | / | 280 |
| Ancient of War | 1 | 150 | / | 60 |
| Hunter's Hall | 1 | 210 | / | 100 |
| Ancient of Wonders | 1 | 90 | / | 30 |
| Tree of Life | 2 | 680 | / | 370 |
| Ancient of Wind | 3 | 450 | / | 420 |
| Ancient of Lore | 2 | 310 | / | 290 |
| Tree of Ages | 1 | 320 | / | 180 |
| Tree of Eternity | 2 | 660 | / | 400 |
| total: | 26 | 4410g | / | 2240w |
| 0:11 | Wisp |
| 0:11 | Wisp |
| 0:21 | Altar of Elders |
| 0:33 | Moon Well |
| 0:44 | Ancient of War |
| 0:50 | Wisp |
| 0:50 | Wisp |
| 1:27 | Moon Well |
| 1:30 | Wisp |
| 1:47 | Archer |
| 1:48 | Wisp |
| 1:52 | Wisp |
| 2:01 | Archer |
| 2:09 | Wisp |
| 2:20 | Archer |
| 2:26 | Force of Nature |
| 2:42 | Wisp |
| 2:42 | Wisp |
| 2:42 | Wisp |
| 2:57 | Archer |
| 3:36 | Archer |
| 3:41 | Tree of Ages |
| 3:54 | Entangling Roots |
| 4:36 | Hunter's Hall |
| 4:40 | Moon Well |
| 4:42 | Ancient of Wonders |
| 4:56 | Moon Well |
| 5:47 | Archer |
| 7:17 | Ancient of Wind |
| 7:21 | Ancient of Wind |
| 7:25 | Improved Bows |
| 7:26 | Archer |
| 7:26 | Archer |
| 7:28 | Ultravision |
| 7:29 | Strength of the Moon |
| 7:29 | Moon Armor |
| 7:34 | Ancient of Wind |
| 7:47 | Archer |
| 7:53 | Moon Well |
| 8:23 | Trueshot Aura |
| 8:41 | Entangling Roots |
| 8:54 | Archer |
| 8:55 | Hippogryph |
| 8:56 | Tree of Eternity |
| 9:00 | Nature's Blessing |
| 9:41 | Hippogryph |
| 10:02 | Archer |
| 10:29 | Moon Well |
| 10:43 | Scroll of Town Portal |
| 10:51 | Archer |
| 10:53 | Hippogryph |
| 11:02 | Improved Strength of the Moon |
| 11:10 | Improved Moon Armor |
| 11:24 | Scout |
| 12:54 | Archer |
| 12:55 | Hippogryph |
| 13:42 | Hippogryph |
| 15:42 | Wisp |
| 15:42 | Wisp |
| 15:42 | Wisp |
| 15:43 | Wisp |
| 15:43 | Wisp |
| 16:44 | Tree of Life |
| 16:46 | Ancient Protector |
| 16:46 | Ancient Protector |
| 16:47 | Ancient Protector |
| 16:47 | Ancient Protector |
| 16:58 | Hippogryph |
| 17:36 | Hippogryph |
| 19:35 | Archer |
| 19:36 | Archer |
| 19:36 | Archer |
| 19:37 | Hippogryph |
| 19:40 | Wisp |
| 19:40 | Wisp |
| 19:40 | Wisp |
| 19:40 | Wisp |
| 19:40 | Wisp |
| 19:40 | Wisp |
| 20:05 | Tree of Eternity |
| 20:31 | Force of Nature |
| 21:03 | Hippogryph |
| 21:05 | Archer |
| 21:05 | Archer |
| 21:06 | Hippogryph |
| 22:27 | Marksmanship |
| 23:03 | Hippogryph |
| 23:04 | Hippogryph |
| 23:37 | Scout |
| 23:45 | Scroll of Town Portal |
| 23:45 | Orb of Lightning |
| 24:06 | Hippogryph |
| 24:07 | Hippogryph |
| 24:24 | Tree of Life |
| 25:17 | Hippogryph |
| 25:18 | Hippogryph |
| 25:21 | Advanced Strength of the Moon |
| 25:22 | Strength of the Wild |
| 26:02 | Reinforced Hides |
| 26:03 | Well Spring |
| 26:35 | Lesser Clarity Potion |
| 27:01 | Orb of Lightning |
| 28:44 | Hippogryph |
| 28:45 | Improved Strength of the Wild |
| 29:00 | Hippogryph |
| 29:01 | Hippogryph |
| 29:23 | Hippogryph |
| 30:10 | Hippogryph |
| 30:10 | Hippogryph |
| 30:10 | Hippogryph |
| 30:28 | Ancient Protector |
| 30:29 | Ancient Protector |
| 30:30 | Ancient Protector |
| 31:07 | Improved Reinforced Hides |
| 31:08 | Advanced Strength of the Wild |
| 32:34 | Ancient of Lore |
| 32:35 | Ancient of Lore |
| 33:46 | Entangling Roots |
| 34:09 | Advanced Reinforced Hides |
| 34:32 | Hardened Skin |
| 34:32 | Resistant Skin |
| 34:33 | Mountain Giant |
| 34:33 | Mountain Giant |
| 34:34 | Mountain Giant |
| 37:07 | Mountain Giant |
| 37:22 | Staff of Preservation |
| 37:39 | Moon Well |
| 39:19 | Ancient Protector |
| 41:12 | Mountain Giant |
| 44:07 | Potion of Lesser Invulnerability |
| 44:08 | Boots of Speed |
| 45:11 | Dryad |
| 45:12 | Mountain Giant |
| 46:29 | Trueshot Aura |
| 47:11 | Mountain Giant |
| 49:34 | Mountain Giant |
| 51:29 | Scout |
| 52:42 | Mountain Giant |
| 52:52 | Wisp |
| 53:10 | Mountain Giant |
| 57:48 | Mountain Giant |
| 66:14 | Tranquility |
| Select group | 1351 |
| Right click | 1130 |
| Select | 841 |
| Misc. action | 328 |
| Build/train/purchase | 302 |
| Assign group | 98 |
| Use ability | 96 |
| Minimap ping | 17 |
| Item give/drop | 2 |
| Remove unit | 1 |




| Healing Salve | 3 | 300 |
| Potion of Mana | 7 | 1400 |
| Lesser Clarity Potion | 5 | 350 |
| Orb of Lightning | 2 | 750 |
| Scroll of Town Portal | 2 | 700 |
| Scroll of Healing | 1 | 250 |
| Circlet of Nobility | 3 | 525 |
| Scroll of Protection | 1 | 150 |
| Periapt of Vitality | 1 | 325 |
| Orb of Venom | 1 | 325 |
| total: | 26 | 5075g |
| Peon | 41 | 3075 | / | 0 |
| Grunt | 4 | 800 | / | 0 |
| Shaman | 40 | 5200 | / | 800 |
| Tauren | 33 | 9240 | / | 2640 |
| Demolisher | 45 | 9900 | / | 2250 |
| total: | 163 | 28215g | / | 5690w |
| Watch Tower | 121 | 13310 | / | 9680 |
| Altar of Storms | 1 | 180 | / | 50 |
| Orc Burrow | 6 | 960 | / | 240 |
| Barracks | 4 | 720 | / | 200 |
| Voodoo Lounge | 2 | 260 | / | 60 |
| War Mill | 1 | 205 | / | 0 |
| Great Hall | 10 | 3850 | / | 1850 |
| Spirit Lodge | 1 | 150 | / | 150 |
| Tauren Totem | 1 | 135 | / | 155 |
| Beastiary | 1 | 145 | / | 140 |
| Stronghold | 2 | 630 | / | 380 |
| Fortress | 2 | 650 | / | 380 |
| total: | 148 | 19915g | / | 12525w |
| 0:03 | Peon |
| 0:03 | Peon |
| 0:18 | Altar of Storms |
| 0:21 | Orc Burrow |
| 0:26 | Peon |
| 0:37 | Barracks |
| 0:41 | Peon |
| 0:41 | Peon |
| 0:56 | Peon |
| 1:07 | Peon |
| 1:33 | Orc Burrow |
| 1:38 | Grunt |
| 1:43 | Peon |
| 1:43 | Peon |
| 1:56 | Voodoo Lounge |
| 2:04 | Peon |
| 2:19 | Wind Walk |
| 2:29 | Grunt |
| 2:49 | Grunt |
| 3:20 | Stronghold |
| 3:34 | Grunt |
| 3:50 | Critical Strike |
| 4:28 | Orc Burrow |
| 4:32 | War Mill |
| 4:58 | Healing Salve |
| 5:43 | Berserker Strength |
| 5:46 | Fortress |
| 5:48 | Spirit Lodge |
| 6:44 | Serpent Ward |
| 7:03 | Critical Strike |
| 7:07 | Shaman Adept Training |
| 7:17 | Potion of Mana |
| 7:17 | Lesser Clarity Potion |
| 7:17 | Healing Salve |
| 7:28 | Tauren Totem |
| 7:38 | Steel Melee Weapons |
| 7:38 | Steel Armor |
| 7:39 | Reinforced Defenses |
| 7:55 | Orc Burrow |
| 7:56 | Spiked Barricades |
| 7:58 | Circlet of Nobility |
| 8:08 | Watch Tower |
| 8:14 | Peon |
| 8:14 | Peon |
| 8:22 | Shaman Master Training |
| 8:23 | Peon |
| 8:49 | Peon |
| 8:49 | Peon |
| 9:03 | Healing Wave |
| 9:16 | Watch Tower |
| 9:33 | Shaman |
| 9:34 | Tauren |
| 10:10 | Shaman |
| 10:20 | Watch Tower |
| 10:24 | Peon |
| 10:54 | Pulverize |
| 10:58 | Orc Burrow |
| 11:20 | Thorium Melee Weapons |
| 11:20 | Thorium Armor |
| 11:27 | Watch Tower |
| 12:31 | Great Hall |
| 12:46 | Watch Tower |
| 12:48 | Watch Tower |
| 12:49 | Watch Tower |
| 13:19 | Scroll of Town Portal |
| 13:19 | Orb of Lightning |
| 13:28 | Watch Tower |
| 13:31 | Watch Tower |
| 14:00 | Watch Tower |
| 14:17 | Improved Spiked Barricades |
| 14:45 | Watch Tower |
| 15:04 | Watch Tower |
| 15:16 | Watch Tower |
| 15:20 | Watch Tower |
| 15:33 | Arcanite Melee Weapons |
| 15:33 | Arcanite Armor |
| 16:17 | Circlet of Nobility |
| 16:18 | Scroll of Healing |
| 16:18 | Scroll of Protection |
| 16:43 | Frost Arrows |
| 16:54 | Watch Tower |
| 16:59 | Peon |
| 17:08 | Shaman |
| 17:09 | Tauren |
| 17:16 | Watch Tower |
| 17:34 | Shaman |
| 18:04 | Mirror Image |
| 18:29 | Shaman |
| 18:30 | Tauren |
| 18:36 | Serpent Ward |
| 18:48 | Watch Tower |
| 19:15 | Watch Tower |
| 19:15 | Watch Tower |
| 19:16 | Watch Tower |
| 19:16 | Watch Tower |
| 19:17 | Watch Tower |
| 19:17 | Watch Tower |
| 19:20 | Peon |
| 19:20 | Peon |
| 19:20 | Peon |
| 19:28 | Watch Tower |
| 19:29 | Watch Tower |
| 19:30 | Peon |
| 19:30 | Peon |
| 19:30 | Peon |
| 19:31 | Peon |
| 19:31 | Peon |
| 19:34 | Watch Tower |
| 19:34 | Watch Tower |
| 19:55 | Watch Tower |
| 20:32 | Shaman |
| 20:53 | Peon |
| 20:53 | Peon |
| 20:53 | Peon |
| 20:53 | Peon |
| 20:53 | Peon |
| 20:53 | Peon |
| 20:57 | Feral Spirit |
| 20:58 | Watch Tower |
| 21:27 | Watch Tower |
| 21:27 | Watch Tower |
| 21:30 | Watch Tower |
| 21:30 | Watch Tower |
| 21:30 | Watch Tower |
| 21:31 | Watch Tower |
| 21:31 | Watch Tower |
| 21:48 | Watch Tower |
| 21:48 | Watch Tower |
| 21:51 | Peon |
| 21:51 | Peon |
| 21:51 | Peon |
| 21:51 | Peon |
| 22:14 | Barracks |
| 22:15 | Watch Tower |
| 22:17 | Watch Tower |
| 22:18 | Watch Tower |
| 22:19 | Barracks |
| 22:21 | Barracks |
| 22:23 | Beastiary |
| 22:25 | Watch Tower |
| 22:25 | Watch Tower |
| 22:28 | Watch Tower |
| 22:29 | Watch Tower |
| 22:30 | Watch Tower |
| 22:30 | Watch Tower |
| 22:30 | Watch Tower |
| 22:35 | Mana Shield |
| 22:41 | Watch Tower |
| 22:46 | Peon |
| 22:46 | Peon |
| 22:46 | Peon |
| 22:46 | Peon |
| 23:10 | Watch Tower |
| 23:10 | Watch Tower |
| 23:10 | Watch Tower |
| 23:11 | Watch Tower |
| 23:11 | Watch Tower |
| 23:24 | Watch Tower |
| 23:51 | Great Hall |
| 23:53 | Great Hall |
| 23:54 | Watch Tower |
| 23:55 | Watch Tower |
| 23:55 | Watch Tower |
| 23:55 | Watch Tower |
| 23:55 | Watch Tower |
| 23:56 | Watch Tower |
| 24:12 | Shaman |
| 24:21 | Great Hall |
| 24:25 | Watch Tower |
| 24:26 | Watch Tower |
| 24:26 | Watch Tower |
| 24:27 | Watch Tower |
| 24:27 | Watch Tower |
| 24:30 | Watch Tower |
| 24:37 | Watch Tower |
| 25:04 | Watch Tower |
| 25:05 | Watch Tower |
| 25:05 | Watch Tower |
| 25:32 | Watch Tower |
| 25:32 | Watch Tower |
| 25:33 | Watch Tower |
| 25:33 | Watch Tower |
| 25:34 | Watch Tower |
| 25:37 | Watch Tower |
| 25:54 | Watch Tower |
| 26:02 | Shaman |
| 26:44 | Watch Tower |
| 28:10 | Great Hall |
| 28:33 | Great Hall |
| 28:45 | Burning Oil |
| 28:45 | Demolisher |
| 29:32 | Great Hall |
| 29:34 | Watch Tower |
| 29:35 | Watch Tower |
| 29:35 | Watch Tower |
| 29:35 | Watch Tower |
| 30:20 | Shaman |
| 30:31 | Demolisher |
| 30:32 | Demolisher |
| 30:32 | Demolisher |
| 30:32 | Demolisher |
| 30:33 | Demolisher |
| 30:33 | Demolisher |
| 30:51 | Watch Tower |
| 30:55 | Watch Tower |
| 31:11 | Demolisher |
| 31:48 | Demolisher |
| 31:48 | Demolisher |
| 32:12 | Demolisher |
| 32:38 | Watch Tower |
| 33:48 | Healing Wave |
| 33:54 | Frost Arrows |
| 34:17 | Demolisher |
| 34:19 | Demolisher |
| 34:19 | Demolisher |
| 34:23 | Watch Tower |
| 34:24 | Watch Tower |
| 34:27 | Watch Tower |
| 35:37 | Watch Tower |
| 35:38 | Watch Tower |
| 35:45 | Demolisher |
| 35:46 | Demolisher |
| 35:46 | Demolisher |
| 37:04 | Demolisher |
| 37:05 | Demolisher |
| 37:05 | Demolisher |
| 37:11 | Watch Tower |
| 38:26 | Great Hall |
| 38:31 | Demolisher |
| 38:31 | Demolisher |
| 38:32 | Demolisher |
| 38:32 | Demolisher |
| 38:41 | Watch Tower |
| 38:41 | Watch Tower |
| 38:49 | Peon |
| 38:50 | Peon |
| 39:30 | Demolisher |
| 39:32 | Demolisher |
| 39:32 | Demolisher |
| 40:57 | Demolisher |
| 40:57 | Demolisher |
| 40:58 | Demolisher |
| 40:58 | Demolisher |
| 41:23 | Demolisher |
| 41:23 | Demolisher |
| 41:24 | Demolisher |
| 41:24 | Demolisher |
| 42:06 | Demolisher |
| 42:06 | Demolisher |
| 42:09 | Demolisher |
| 42:09 | Demolisher |
| 42:57 | Critical Strike |
| 43:48 | Tauren |
| 43:49 | Tauren |
| 43:49 | Tauren |
| 43:49 | Shaman |
| 43:49 | Shaman |
| 43:49 | Shaman |
| 44:14 | Shaman |
| 44:15 | Shaman |
| 44:15 | Tauren |
| 44:15 | Tauren |
| 45:11 | Tauren |
| 45:11 | Shaman |
| 45:12 | Shaman |
| 45:13 | Demolisher |
| 45:13 | Demolisher |
| 45:14 | Demolisher |
| 45:19 | Watch Tower |
| 45:20 | Watch Tower |
| 45:21 | Watch Tower |
| 45:22 | Watch Tower |
| 45:26 | Watch Tower |
| 46:04 | Tauren |
| 46:04 | Tauren |
| 46:05 | Shaman |
| 46:06 | Shaman |
| 46:07 | Demolisher |
| 46:07 | Demolisher |
| 46:07 | Demolisher |
| 46:26 | Watch Tower |
| 46:27 | Watch Tower |
| 46:28 | Watch Tower |
| 46:30 | Watch Tower |
| 46:44 | Watch Tower |
| 46:50 | Watch Tower |
| 46:50 | Watch Tower |
| 46:50 | Watch Tower |
| 47:35 | Shaman |
| 47:35 | Shaman |
| 47:43 | Scroll of Town Portal |
| 47:43 | Potion of Mana |
| 47:44 | Orb of Lightning |
| 47:57 | Great Hall |
| 48:02 | Watch Tower |
| 48:16 | Great Hall |
| 48:23 | Tauren |
| 48:25 | Shaman |
| 48:51 | Watch Tower |
| 48:52 | Watch Tower |
| 48:53 | Watch Tower |
| 48:53 | Watch Tower |
| 48:53 | Watch Tower |
| 48:54 | Watch Tower |
| 48:54 | Watch Tower |
| 48:55 | Watch Tower |
| 48:55 | Watch Tower |
| 48:56 | Watch Tower |
| 49:39 | Orc Burrow |
| 49:51 | Watch Tower |
| 50:46 | Tauren |
| 50:47 | Shaman |
| 51:19 | Bladestorm |
| 52:04 | Tauren |
| 52:04 | Tauren |
| 52:05 | Shaman |
| 52:05 | Shaman |
| 52:16 | Orb of Venom |
| 52:25 | Tauren |
| 52:25 | Tauren |
| 52:25 | Tauren |
| 52:26 | Shaman |
| 52:26 | Shaman |
| 52:26 | Shaman |
| 52:46 | Circlet of Nobility |
| 52:47 | Periapt of Vitality |
| 53:03 | Voodoo Lounge |
| 53:23 | Watch Tower |
| 56:18 | Potion of Mana |
| 56:18 | Potion of Mana |
| 56:18 | Potion of Mana |
| 56:25 | Tauren |
| 56:25 | Tauren |
| 56:25 | Shaman |
| 56:25 | Shaman |
| 56:44 | Shaman |
| 56:44 | Tauren |
| 56:45 | Tauren |
| 57:29 | Tauren |
| 57:29 | Tauren |
| 57:29 | Shaman |
| 57:38 | Lesser Clarity Potion |
| 57:38 | Lesser Clarity Potion |
| 58:05 | Tauren |
| 58:06 | Shaman |
| 58:18 | Frost Arrows |
| 58:19 | Mana Shield |
| 59:15 | Shaman |
| 59:24 | Serpent Ward |
| 61:32 | Lesser Clarity Potion |
| 61:32 | Potion of Mana |
| 61:34 | Potion of Mana |
| 61:40 | Healing Salve |
| 61:45 | Lesser Clarity Potion |
| 61:47 | Watch Tower |
| 62:08 | Tauren |
| 62:09 | Tauren |
| 62:09 | Shaman |
| 62:09 | Shaman |
| 62:47 | Shaman |
| 62:48 | Tauren |
| 63:31 | Tauren |
| 63:31 | Shaman |
| 66:04 | Tauren |
| 66:04 | Shaman |
| 66:10 | Tornado |
| 66:35 | Tauren |
| 66:36 | Shaman |
| 67:27 | Tauren |
| 67:55 | Shaman |
| 67:55 | Tauren |
| Select group | 5769 |
| Right click | 3306 |
| Select | 2287 |
| Misc. action | 1042 |
| Build/train/purchase | 410 |
| Use ability | 249 |
| Assign group | 85 |
| Esc | 33 |
| Resource trade | 12 |
| Item give/drop | 4 |
| Remove unit | 1 |
121 units @ 12.9k
/ 2.1k
143 buildings @ 10.9k
/ 5.7k



| Peasant | 13 | 975 | / | 0 |
| Flying Machine | 26 | 2600 | / | 780 |
| Dragonhawk Rider | 6 | 1200 | / | 180 |
| Sorceress | 2 | 310 | / | 40 |
| total: | 47 | 5085g | / | 1000w |
| Scout Tower | 26 | 780 | / | 520 |
| Arcane Tower | 4 | 280 | / | 200 |
| Guard Tower | 9 | 630 | / | 450 |
| Altar of Kings | 1 | 180 | / | 50 |
| Farm | 12 | 960 | / | 240 |
| Lumber Mill | 1 | 120 | / | 0 |
| Blacksmith | 1 | 140 | / | 60 |
| Arcane Vault | 1 | 130 | / | 30 |
| Cannon Tower | 1 | 120 | / | 100 |
| Workshop | 5 | 700 | / | 700 |
| Arcane Sanctum | 1 | 150 | / | 140 |
| Gryphon Aviary | 1 | 140 | / | 150 |
| Keep | 1 | 320 | / | 210 |
| Castle | 1 | 360 | / | 210 |
| total: | 49 | 3300g | / | 1890w |
| 0:03 | Peasant |
| 0:04 | Peasant |
| 0:07 | Altar of Kings |
| 0:10 | Farm |
| 0:10 | Farm |
| 0:16 | Peasant |
| 0:35 | Peasant |
| 0:43 | Peasant |
| 0:51 | Lumber Mill |
| 1:00 | Scout Tower |
| 1:02 | Peasant |
| 1:17 | Peasant |
| 1:20 | Farm |
| 1:27 | Peasant |
| 1:47 | Arcane Tower |
| 1:48 | Peasant |
| 1:48 | Peasant |
| 1:52 | Improved Lumber Harvesting |
| 2:04 | Peasant |
| 2:48 | Storm Bolt |
| 3:10 | Keep |
| 3:18 | Scout Tower |
| 3:19 | Scout Tower |
| 3:20 | Scout Tower |
| 3:21 | Scout Tower |
| 3:23 | Scout Tower |
| 4:00 | Improved Masonry |
| 4:03 | Guard Tower |
| 4:20 | Scout Tower |
| 4:20 | Scout Tower |
| 4:25 | Scout Tower |
| 4:26 | Guard Tower |
| 4:28 | Arcane Tower |
| 4:46 | Guard Tower |
| 4:52 | Scout Tower |
| 4:54 | Scout Tower |
| 5:08 | Blacksmith |
| 5:13 | Guard Tower |
| 5:14 | Arcane Tower |
| 5:28 | Scout Tower |
| 5:28 | Scout Tower |
| 5:29 | Scout Tower |
| 5:30 | Scout Tower |
| 5:56 | Bash |
| 6:09 | Guard Tower |
| 7:14 | Castle |
| 7:16 | Black Gunpowder |
| 7:19 | Workshop |
| 7:20 | Workshop |
| 7:25 | Workshop |
| 7:28 | Workshop |
| 7:30 | Workshop |
| 7:34 | Farm |
| 7:35 | Farm |
| 7:38 | Iron Plating |
| 7:44 | Guard Tower |
| 7:47 | Scout Tower |
| 7:53 | Scout Tower |
| 8:06 | Bash |
| 8:32 | Flying Machine |
| 8:33 | Flying Machine |
| 8:47 | Holy Light |
| 8:49 | Flak Cannons |
| 8:54 | Farm |
| 8:55 | Farm |
| 8:55 | Farm |
| 8:58 | Guard Tower |
| 9:01 | Scout Tower |
| 9:01 | Scout Tower |
| 9:09 | Advanced Masonry |
| 9:33 | Arcane Tower |
| 9:38 | Flying Machine Bombs |
| 9:48 | Fragmentation Shards |
| 9:48 | Flare |
| 9:50 | Flying Machine |
| 9:50 | Flying Machine |
| 9:50 | Flying Machine |
| 10:03 | Refined Gunpowder |
| 10:07 | Peasant |
| 10:08 | Peasant |
| 10:12 | Farm |
| 10:15 | Farm |
| 10:35 | Flying Machine |
| 10:35 | Flying Machine |
| 10:45 | Imbued Masonry |
| 10:59 | Cannon Tower |
| 11:01 | Scout Tower |
| 11:01 | Scout Tower |
| 11:02 | Scout Tower |
| 11:05 | Arcane Sanctum |
| 11:10 | Farm |
| 11:11 | Farm |
| 11:15 | Arcane Vault |
| 11:34 | Gryphon Aviary |
| 11:43 | Flying Machine |
| 11:44 | Flying Machine |
| 12:20 | Flying Machine |
| 12:20 | Flying Machine |
| 12:58 | Priest Adept Training |
| 13:31 | Imbued Gunpowder |
| 13:34 | Cloud |
| 13:42 | Steel Plating |
| 14:08 | Flying Machine |
| 14:08 | Flying Machine |
| 14:08 | Flying Machine |
| 14:08 | Flying Machine |
| 15:36 | Dragonhawk Rider |
| 15:36 | Dragonhawk Rider |
| 15:36 | Dragonhawk Rider |
| 15:38 | Dragonhawk Rider |
| 15:39 | Sorceress Adept Training |
| 15:39 | Sorceress |
| 15:39 | Sorceress |
| 16:50 | Flying Machine |
| 16:51 | Flying Machine |
| 16:51 | Flying Machine |
| 16:56 | Mithril Plating |
| 18:28 | Guard Tower |
| 18:30 | Scout Tower |
| 18:31 | Scout Tower |
| 18:31 | Scout Tower |
| 18:32 | Scout Tower |
| 20:56 | Holy Light |
| 21:03 | Guard Tower |
| 21:06 | Magic Sentry |
| 21:30 | Flying Machine |
| 21:38 | Flying Machine |
| 29:40 | Bash |
| 30:49 | Dragonhawk Rider |
| 30:49 | Dragonhawk Rider |
| 30:52 | Flying Machine |
| 30:52 | Flying Machine |
| 30:53 | Flying Machine |
| 30:53 | Flying Machine |
| 30:54 | Flying Machine |
| 30:56 | Flying Machine |
| 34:23 | Divine Shield |
| 34:26 | Divine Shield |
| 40:32 | Blizzard |
| 43:04 | Holy Light |
| 51:36 | Resurrection |
| 57:47 | Avatar |
| 59:20 | Blizzard |
| 59:23 | Devotion Aura |
| 61:47 | Bash |
| 66:15 | Thunder Clap |
| 66:47 | Devotion Aura |
| 68:20 | Divine Shield |
| Right click | 5610 |
| Select group | 2726 |
| Select | 789 |
| Build/train/purchase | 128 |
| Use ability | 114 |
| Assign group | 26 |
| Minimap ping | 26 |
| Misc. action | 20 |
| Chat | 7 |
| Item give/drop | 1 |
DudeWhy
(236)
(68:20) : 


| Staff of Sanctuary | 3 | 750 |
| Orb of Fire | 3 | 975 |
| Boots of Speed | 4 | 1000 |
| Orb of Lightning | 1 | 375 |
| total: | 11 | 3100g |
| Peasant | 31 | 2325 | / | 0 |
| Mortar Team | 9 | 1620 | / | 630 |
| total: | 40 | 3945g | / | 630w |
| Scout Tower | 56 | 1680 | / | 1120 |
| Arcane Tower | 1 | 70 | / | 50 |
| Guard Tower | 23 | 1610 | / | 1150 |
| Altar of Kings | 1 | 180 | / | 50 |
| Farm | 10 | 800 | / | 200 |
| Lumber Mill | 1 | 120 | / | 0 |
| Town Hall | 5 | 1925 | / | 1025 |
| Blacksmith | 1 | 140 | / | 60 |
| Arcane Vault | 2 | 260 | / | 60 |
| Cannon Tower | 1 | 120 | / | 100 |
| Workshop | 1 | 140 | / | 140 |
| Keep | 1 | 320 | / | 210 |
| Castle | 1 | 360 | / | 210 |
| total: | 77 | 5245g | / | 2655w |
| 0:05 | Peasant |
| 0:05 | Peasant |
| 0:33 | Altar of Kings |
| 0:37 | Farm |
| 0:38 | Farm |
| 0:39 | Peasant |
| 0:40 | Peasant |
| 1:07 | Peasant |
| 1:10 | Scout Tower |
| 1:11 | Peasant |
| 1:14 | Farm |
| 1:25 | Lumber Mill |
| 1:26 | Peasant |
| 1:26 | Peasant |
| 1:38 | Arcane Tower |
| 1:40 | Peasant |
| 1:56 | Farm |
| 1:58 | Peasant |
| 2:21 | Storm Bolt |
| 2:47 | Peasant |
| 2:50 | Scout Tower |
| 2:50 | Scout Tower |
| 2:51 | Scout Tower |
| 3:12 | Town Hall |
| 3:23 | Peasant |
| 3:23 | Peasant |
| 3:37 | Guard Tower |
| 3:40 | Scout Tower |
| 3:42 | Scout Tower |
| 3:57 | Guard Tower |
| 4:03 | Improved Lumber Harvesting |
| 4:11 | Guard Tower |
| 4:16 | Scout Tower |
| 4:26 | Guard Tower |
| 4:32 | Guard Tower |
| 4:41 | Peasant |
| 4:50 | Peasant |
| 4:56 | Peasant |
| 4:57 | Guard Tower |
| 5:02 | Scout Tower |
| 5:03 | Scout Tower |
| 5:10 | Peasant |
| 5:54 | Peasant |
| 5:55 | Keep |
| 5:57 | Guard Tower |
| 5:59 | Scout Tower |
| 6:54 | Peasant |
| 6:54 | Peasant |
| 7:13 | Peasant |
| 7:17 | Guard Tower |
| 7:19 | Scout Tower |
| 7:21 | Scout Tower |
| 7:22 | Scout Tower |
| 7:24 | Improved Masonry |
| 7:27 | Scout Tower |
| 7:29 | Scout Tower |
| 7:30 | Scout Tower |
| 7:34 | Scout Tower |
| 7:37 | Scout Tower |
| 7:52 | Guard Tower |
| 8:00 | Guard Tower |
| 8:11 | Farm |
| 8:16 | Castle |
| 8:20 | Blacksmith |
| 8:26 | Scout Tower |
| 8:26 | Scout Tower |
| 8:27 | Scout Tower |
| 8:28 | Scout Tower |
| 8:29 | Guard Tower |
| 8:34 | Guard Tower |
| 8:47 | Advanced Lumber Harvesting |
| 8:48 | Advanced Masonry |
| 9:36 | Holy Light |
| 9:40 | Peasant |
| 9:40 | Peasant |
| 9:51 | Guard Tower |
| 9:54 | Scout Tower |
| 9:55 | Scout Tower |
| 9:58 | Scout Tower |
| 9:58 | Scout Tower |
| 9:59 | Scout Tower |
| 10:04 | Workshop |
| 10:42 | Guard Tower |
| 10:47 | Scout Tower |
| 10:48 | Scout Tower |
| 10:49 | Scout Tower |
| 10:51 | Guard Tower |
| 11:01 | Guard Tower |
| 11:15 | Fragmentation Shards |
| 11:16 | Mortar Team |
| 11:22 | Farm |
| 11:34 | Peasant |
| 11:44 | Guard Tower |
| 11:46 | Scout Tower |
| 11:50 | Scout Tower |
| 11:52 | Guard Tower |
| 11:58 | Peasant |
| 11:58 | Peasant |
| 12:30 | Mortar Team |
| 12:37 | Scout Tower |
| 12:39 | Scout Tower |
| 12:40 | Scout Tower |
| 13:11 | Cannon Tower |
| 13:12 | Guard Tower |
| 13:17 | Flare |
| 13:25 | Scout Tower |
| 13:27 | Scout Tower |
| 13:28 | Scout Tower |
| 13:40 | Peasant |
| 13:40 | Peasant |
| 14:00 | Guard Tower |
| 14:21 | Black Gunpowder |
| 14:28 | Guard Tower |
| 16:47 | Storm Bolt |
| 16:49 | Divine Shield |
| 16:49 | Divine Shield |
| 16:51 | Refined Gunpowder |
| 16:53 | Mortar Team |
| 16:53 | Mortar Team |
| 17:15 | Scout Tower |
| 17:16 | Scout Tower |
| 17:16 | Scout Tower |
| 17:17 | Scout Tower |
| 17:17 | Scout Tower |
| 17:18 | Scout Tower |
| 17:25 | Town Hall |
| 17:27 | Scout Tower |
| 17:28 | Scout Tower |
| 17:29 | Scout Tower |
| 17:29 | Scout Tower |
| 17:30 | Scout Tower |
| 17:31 | Scout Tower |
| 17:31 | Scout Tower |
| 17:33 | Scout Tower |
| 17:34 | Scout Tower |
| 17:35 | Scout Tower |
| 17:36 | Scout Tower |
| 17:37 | Scout Tower |
| 17:57 | Storm Bolt |
| 18:01 | Guard Tower |
| 18:54 | Mortar Team |
| 18:54 | Mortar Team |
| 19:05 | Guard Tower |
| 19:08 | Town Hall |
| 19:29 | Town Hall |
| 19:49 | Town Hall |
| 20:22 | Farm |
| 20:23 | Farm |
| 20:24 | Farm |
| 21:01 | Farm |
| 21:44 | Peasant |
| 21:45 | Peasant |
| 21:45 | Peasant |
| 22:07 | Brilliance Aura |
| 22:41 | Imbued Gunpowder |
| 22:42 | Studded Leather Armor |
| 23:52 | Holy Light |
| 25:09 | Bash |
| 25:47 | Boots of Speed |
| 25:47 | Boots of Speed |
| 30:55 | Boots of Speed |
| 30:56 | Boots of Speed |
| 34:35 | Arcane Vault |
| 34:36 | Arcane Vault |
| 37:39 | Orb of Lightning |
| 37:54 | Staff of Sanctuary |
| 37:55 | Staff of Sanctuary |
| 37:59 | Staff of Sanctuary |
| 38:05 | Orb of Fire |
| 38:06 | Orb of Fire |
| 38:07 | Orb of Fire |
| 39:24 | Storm Bolt |
| 41:54 | Storm Bolt |
| 42:06 | Holy Light |
| 42:11 | Mortar Team |
| 42:11 | Mortar Team |
| 42:12 | Mortar Team |
| 47:21 | Brilliance Aura |
| 47:25 | Avatar |
| 47:33 | Reinforced Leather Armor |
| 52:42 | Resurrection |
| 57:43 | Bash |
| 61:34 | Devotion Aura |
| 64:46 | Brilliance Aura |
| 66:33 | Thunder Clap |
| 66:49 | Divine Shield |
| Right click | 3879 |
| Select group | 1324 |
| Select | 538 |
| Use ability | 277 |
| Misc. action | 181 |
| Build/train/purchase | 160 |
| Resource trade | 64 |
| Assign group | 32 |
| Minimap ping | 9 |
| Item give/drop | 8 |
| Esc | 7 |
Cabeelibob
(194)
(68:20) : 
| Orb of Lightning | 1 | 375 |
| Lesser Clarity Potion | 6 | 420 |
| Tiny Great Hall | 1 | 600 |
| Potion of Mana | 2 | 400 |
| Boots of Speed | 1 | 250 |
| Staff of Teleportation | 1 | 150 |
| Circlet of Nobility | 1 | 175 |
| total: | 13 | 2370g |
| Peon | 17 | 1275 | / | 0 |
| Troll Witch Doctor | 9 | 1305 | / | 225 |
| Kodo Beast | 2 | 510 | / | 120 |
| Troll Batrider | 1 | 160 | / | 40 |
| Shaman | 5 | 650 | / | 100 |
| total: | 34 | 3900g | / | 485w |
| Watch Tower | 8 | 880 | / | 640 |
| Altar of Storms | 1 | 180 | / | 50 |
| Orc Burrow | 4 | 640 | / | 160 |
| War Mill | 1 | 205 | / | 0 |
| Voodoo Lounge | 1 | 130 | / | 30 |
| Spirit Lodge | 1 | 150 | / | 150 |
| Beastiary | 1 | 145 | / | 140 |
| Stronghold | 1 | 315 | / | 190 |
| Fortress | 1 | 325 | / | 190 |
| total: | 17 | 2330g | / | 1170w |
| 0:08 | Altar of Storms |
| 0:13 | Orc Burrow |
| 0:14 | Peon |
| 0:21 | Peon |
| 0:31 | Peon |
| 0:46 | Peon |
| 1:04 | War Mill |
| 1:05 | Peon |
| 1:22 | Peon |
| 1:43 | Orc Burrow |
| 2:03 | Voodoo Lounge |
| 2:05 | Peon |
| 2:05 | Peon |
| 2:19 | Wind Walk |
| 2:26 | Watch Tower |
| 2:46 | Peon |
| 2:46 | Peon |
| 2:50 | Spiked Barricades |
| 3:12 | Watch Tower |
| 3:17 | Peon |
| 3:17 | Peon |
| 3:42 | Orc Burrow |
| 3:46 | Watch Tower |
| 4:31 | Stronghold |
| 4:35 | Watch Tower |
| 5:23 | Watch Tower |
| 5:56 | Watch Tower |
| 7:21 | Watch Tower |
| 7:22 | Watch Tower |
| 7:24 | Fortress |
| 7:27 | Spirit Lodge |
| 8:20 | Critical Strike |
| 9:56 | Witch Doctor Adept Training |
| 10:13 | Beastiary |
| 10:18 | Boots of Speed |
| 10:18 | Staff of Teleportation |
| 10:59 | Wind Walk |
| 11:08 | Witch Doctor Master Training |
| 11:09 | Troll Witch Doctor |
| 11:09 | Troll Witch Doctor |
| 11:09 | Troll Witch Doctor |
| 11:09 | Troll Witch Doctor |
| 11:09 | Troll Witch Doctor |
| 11:18 | Orb of Lightning |
| 12:02 | War Drums Damage Increase |
| 12:35 | Orc Burrow |
| 13:14 | Liquid Fire |
| 13:44 | Lesser Clarity Potion |
| 14:57 | Kodo Beast |
| 14:59 | Kodo Beast |
| 14:59 | Troll Batrider |
| 16:46 | Critical Strike |
| 17:27 | Tiny Great Hall |
| 18:56 | Peon |
| 18:56 | Peon |
| 18:57 | Peon |
| 18:57 | Peon |
| 18:57 | Peon |
| 20:13 | Critical Strike |
| 20:22 | Reinforced Defenses |
| 20:53 | Bladestorm |
| 21:21 | Circlet of Nobility |
| 21:38 | Lesser Clarity Potion |
| 25:18 | Lesser Clarity Potion |
| 28:09 | Shaman Adept Training |
| 28:11 | Shaman |
| 28:11 | Shaman |
| 28:12 | Shaman Master Training |
| 31:59 | Lesser Clarity Potion |
| 32:02 | Potion of Mana |
| 35:49 | Lesser Clarity Potion |
| 35:51 | Potion of Mana |
| 38:19 | Wind Walk |
| 38:37 | Shaman |
| 46:26 | Troll Witch Doctor |
| 46:26 | Troll Witch Doctor |
| 46:48 | Mirror Image |
| 46:52 | Troll Witch Doctor |
| 46:53 | Troll Witch Doctor |
| 49:18 | Lesser Clarity Potion |
| 49:28 | Shaman |
| 49:28 | Shaman |
| 56:23 | Mirror Image |
| 64:51 | Mirror Image |
| Right click | 2776 |
| Misc. action | 244 |
| Select | 225 |
| Build/train/purchase | 163 |
| Select group | 149 |
| Resource trade | 57 |
| Chat | 34 |
| Use ability | 18 |
| Assign group | 11 |
| Item give/drop | 9 |
| Remove unit | 4 |
| Minimap ping | 3 |
| Esc | 1 |
⇛